 Dungeon Crawl Stone Soup version 0.20.1-1-g8b1a95d (webtiles) character file.

79 Monsterracer the Poker (level 4, -2/34 HPs)
             Began as a Merfolk Skald on July 18, 2017.
             Was an Initiate of Ashenzari.
             Killed by divine providence
             ... invoked by an orc priest
              (11 damage)
             ... on level 3 of the Dungeon.
             The game lasted 00:07:43 (1655 turns).

Monsterracer the Poker (Merfolk Skald)              Turns: 1655, Time: 00:07:44

Health: -2/34      AC:  4    Str: 11    XL:     4   Next: 37%
Magic:  7/7        EV: 13    Int: 13    God:    Ashenzari [......]
Gold:   44         SH:  0    Dex: 13    Spells: 2/7 levels left

rFire    . . .     SeeInvis .   a - +0 spear
rCold    . . .     Gourm    .   (no shield)
rNeg     . . .     Faith    .   b - +0 leather armour
rPois    .         Spirit   .   p - +0 helmet (curse)
rElec    .         Reflect  .   (no cloak)
rCorr    .         Harm     .   (no gloves)
MR       .....                  (no boots)
Stlth    +.........             (no amulet)
Regen    0.2/turn               n - ring of wizardry
MPRegen  0.1/turn               (no ring)

@: infused (expiring)
A: change form in water, swift swim, stealthy swim
a: Curse Item, Renounce Religion


You were on level 3 of the Dungeon.
You worshipped Ashenzari.
Ashenzari was noncommittal.
You were not hungry.

You visited 1 branch of the dungeon, and saw 3 of its levels.

You collected 44 gold pieces.

Inventory:

Hand Weapons
 a - a +0 spear (weapon)
Missiles
 m - a throwing net (quivered)
Armour
 b - a +0 leather armour (worn)
 p - a cursed +0 helmet (worn)
Jewellery
 n - a ring of wizardry (left hand)
Scrolls
 i - a scroll of identify
 j - a scroll of amnesia {unknown}
 k - a scroll of teleportation {unknown}
Potions
 e - a potion of curing
 g - a potion of heal wounds
 h - 2 potions of agility
 l - a potion of magic
Books
 c - a book of Battle

   Spells                             Type                      Level
   a - Infusion                       Charms                       1
   b - Shroud of Golubria             Charms/Translocation         2
   c - Song of Slaying                Charms                       2
   d - Spectral Weapon                Hexes/Charms                 3
   e - Regeneration                   Charms/Necromancy            3
Comestibles
 d - 6 bread rations
 f - a royal jelly


   Skills:
 + Level 2.7 Fighting
 * Level 4.4 Polearms
 - Level 0.6 Armour
 + Level 3.5 Dodging
 - Level 2.0 Spellcasting
 + Level 4.1 Charms


You had 2 spell levels left.
You knew the following spells:

 Your Spells              Type           Power        Failure   Level  Hunger
a - Infusion              Chrm           ##..         2%          1    ##.....
b - Song of Slaying       Chrm           ##......     3%          2    ###....
c - Shroud of Golubria    Chrm/Tloc      #.........   9%          2    ###....


Dungeon Overview and Level Annotations

Branches:
Dungeon (3/15)

Altars:
Ashenzari

Annotations:
D:2 Sigmund
D:3 Natasha


Message History

The orc priest is lightly wounded.
The orc priest invokes the aid of Beogh against you.
Beogh smites you!
An orc priest comes into view. It is wielding a falchion.
The orc priest shouts!
Huge Dmg: -41%(-14hp) hp: 59%(20hp)
The orc priest mumbles some strange prayers to Beogh against you.
Pain shoots through your body!
* * * LOW HITPOINT WARNING * * *
Damage: -11%(-4hp) hp: 48%(16hp) All of the chunks of flesh in your inventory have rotted away.
The orc priest calls down the wrath of Beogh upon you.
Beogh smites you!
* * * LOW HITPOINT WARNING * * *
Huge Dmg: -26%(-9hp) hp: 24%(8hp)
There is a stone staircase leading up here.
Your magical infusion is running out.
The orc priest calls down the wrath of Beogh upon you.
Beogh smites you!
You die...

..##...............# #.# #(#
####.....o..)......####.# #<#
###....................# #(#
.......[.h..............###.#
##...#......................#
.....#.................######
.....####.>............#
..#.. +...o..........#
..#+#####.......@......#
...................#
...................##
...............#####.....
.................<....##
......................#
........###...........#
..#.......#...........#
..........#...........#


You could see an orc warrior, an orc priest and Natasha.

Vanquished Creatures
  A hound zombie (D:3)
  An adder (D:3)
  2 oozes (D:1)
  A worm (D:2)
  3 leopard geckos
  5 bats
  A giant cockroach (D:1)
  7 goblins
  8 hobgoblins
  4 kobolds
  A ball python (D:1)
  2 frilled lizards
  6 rats
42 creatures vanquished.

Notes
Turn   | Place    | Note
-------+----------+-------------------------------------------
     0 | D:1      | Monsterracer the Merfolk Skald began the quest for the Orb.
     0 | D:1      | Reached XP level 1. HP: 16/16 MP: 3/3
   144 | D:1      | Reached XP level 2. HP: 16/22 MP: 0/5
   224 | D:1      | Learned a level 2 spell: Song of Slaying
   227 | D:1      | Learned a level 2 spell: Shroud of Golubria
   717 | D:1      | Reached XP level 3. HP: 24/28 MP: 6/6
  1017 | D:2      | Noticed Sigmund
  1147 | D:3      | Reached XP level 4. HP: 22/34 MP: 7/7
  1489 | D:3      | Found a shattered altar of Ashenzari.
  1508 | D:3      | Became a worshipper of Ashenzari the Shackled
  1634 | D:3      | Noticed Natasha
  1634 | D:3      | Noticed an orc warrior
  1655 | D:3      | Killed from afar by an orc priest

Skill      XL: |  1  2  3 |
---------------+----------+-----
Dodging        | 3 |  3.5
Polearms       | 4 |  4.4
Charms         | 4 |  4.1
Fighting       | |  2.7
Armour         | |  0.6
Spellcasting   | |  2.0

Action                   |  1- 3 |  4- 6 || total
-------------------------+-------+-------++-------
Melee: Spear             |   125 |    33 ||   158
 Cast: Infusion          |     3 |     3 ||     6
       Song of Slaying   |     2 |     1 ||     3
  Use: Scroll            |       |     4 ||     4
  Eat: Chunk             |     1 |     2 ||     3
Armor: Leather armour    |    24 |     5 ||    29
Dodge: Dodged            |    61 |    10 ||    71
